 Dungeon Crawl Stone Soup version 0.30-a0-339-g89bb51ec76 (webtiles) character file.

Game seed: 9971410141204004963

41848 Lobster4 the Tainter (level 14, -6/108 HPs)
             Began as a Merfolk Venom Mage on Oct 31, 2022.
             Was a High Priest of the Shining One.
             Mangled by a cane toad (17 damage)
             ... on level 3 of the Lair of Beasts on Nov 1, 2022.
             The game lasted 02:00:04 (21836 turns).

Lobster4 the Tainter (Merfolk Venom Mage)          Turns: 21836, Time: 02:00:05

Health: -6/108     AC: 17    Str: 20    XL:     14   Next: 17%
Magic:  33/37      EV: 13    Int: 20    God:    the Shining One [*****.]
Gold:   1315       SH:  6    Dex:  9    Spells: 20/33 levels left

rFire   . . .      SeeInvis .    O - +8 autumn katana {vorpal, manifold assault}
rCold   + . .      Faith    .    X - +2 buckler
rNeg    + + +      Spirit   .    V - +0 ring mail "Fastrahiwn" {rElec rN++ Will+ Dex-4}
rPois   +          Reflect  .    h - +2 helmet
rElec   +          Harm     .    A - +2 cloak {rPois}
rCorr   .          Rampage  +    e - +2 pair of gloves of Miracles {Str+8}
Will    ++...                    g - +2 pair of boots {rampage}
Stlth   +.........               n - amulet of regeneration
HPRegen 1.18/turn                U - ring of magical power
MPRegen 0.25/turn                k - ring "Xuqe" {rC+ Int+3}

@: lethally poisoned (-6 -> -7), about to teleport, glowing, studying Stealth
A: (nimble swimmer 2), mertail, deformed body, dopey 1, robust 1, strong 1
a: Renounce Religion, Divine Shield, Cleansing Flame, Summon Divine Warrior


You were on level 3 of the Lair of Beasts.
You worshipped the Shining One.
The Shining One was extremely pleased with you.
You visited 4 branches of the dungeon, and saw 18 of its levels.
You also visited: Bailey and Gauntlet.

You collected 1598 gold pieces.
You spent 283 gold pieces at shops.

Inventory:

Hand Weapons
 a - the +10 falchion of the World {vorpal, *Noise rPois rF++ Str+3}
   (You found it on level 8 of the Dungeon)

   It inflicts extra damage upon your enemies.
   Str:       It affects your strength (+3).
   rF:        It greatly protects you from fire.
   rPois:     It protects you from poison.
   *Noise:    It may make noises in combat.
 b - a +0 sling
 O - the +8 autumn katana (weapon) {vorpal, manifold assault}
   (You took it off an orc priest on level 2 of the Orcish Mines)

   It sometimes launches melee attacks against multiple visible enemies.
 P - a +3 spear
Missiles
 j - 32 poisoned darts (quivered)
 o - 4 throwing nets
 q - 6 javelins
 w - 4 silver javelins
 R - 6 curare-tipped darts
Armour
 d - a +2 robe of positive energy
 e - the +2 pair of gloves of Miracles (worn) {Str+8}
   (You acquired it on level 11 of the Dungeon)

   Str:       It affects your strength (+8).
 g - a +2 pair of boots of rampaging (worn)
 h - a +2 helmet (worn)
 A - a +2 cloak of poison resistance (worn)
 J - a +2 leather armour of fire resistance
 K - a +0 troll leather armour
 V - the +0 ring mail "Fastrahiwn" (worn) {rElec rN++ Will+ Dex-4}
   (You found it on level 11 of the Dungeon)

   Dex:       It affects your dexterity (-4).
   rElec:     It insulates you from electricity.
   rN:        It greatly protects you from negative energy.
   Will:      It increases your willpower.
 X - a +2 buckler (worn)
Jewellery
 k - the ring "Xuqe" (right hand) {rC+ Int+3}
   (You acquired it on level 5 of the Dungeon)

   [ring of protection from cold]

   Int:       It affects your intelligence (+3).
   rC:        It protects you from cold.
 n - an amulet of regeneration (around neck)
 G - a ring of flight
 I - the ring of Recklessness {rElec rC- MP+9 Int+3 Stlth+}
   (You took it off a minotaur in a Gauntlet)

   [ring of magical power]

   Int:       It affects your intelligence (+3).
   rC:        It makes you vulnerable to cold.
   rElec:     It insulates you from electricity.
   MP:        It affects your magic capacity (+9).
   Stlth:     It makes you more stealthy.
 N - a ring of resist corrosion
 U - a ring of magical power (left hand)
 Z - an amulet of reflection
Wands
 c - a wand of iceblast (2)
 t - a wand of digging (3)
 D - a wand of light (10)
 H - a wand of paralysis (13)
 Q - a wand of flame (9)
 T - a wand of mindburst (17)
Scrolls
 i - 4 scrolls of teleportation
 r - a scroll of fog
 y - a scroll of silence
 M - 2 scrolls of poison
 W - a scroll of magic mapping
Potions
 f - 2 potions of haste
 m - 3 potions of magic
 p - 2 potions of attraction
 u - 3 potions of cancellation
 v - a potion of brilliance
 x - 2 potions of resistance
 z - a potion of lignification
 F - a potion of ambrosia
 L - a potion of might
Miscellaneous
 S - a box of beasts (inert)
 Y - a tin of tremorstones (2/2)


   Skills:
 + Level 5.8 Fighting
 - Level 2.0(5.4) Short Blades
 + Level 8.1(8.2) Long Blades
 + Level 5.5 Polearms
 - Level 2.0 Ranged Weapons
 - Level 2.0 Throwing
 + Level 7.4 Armour
 - Level 10.0 Dodging
 + Level 4.6 Stealth
 + Level 3.0 Shields
 + Level 10.2 Spellcasting
 + Level 3.6 Conjurations
 + Level 1.7 Translocations
 - Level 4.0 Transmutations
 - Level 4.0 Air Magic
 + Level 12.3 Poison Magic
 + Level 4.8 Invocations
 - Level 3.0 Evocations


You had 20 spell levels left.
You knew the following spells:

 Your Spells              Type           Power      Damage    Failure   Level
a - Sting                 Tmut/Pois      100%       1d8       1%          1
b - Poisonous Vapours     Pois/Air       84%        N/A       1%          2
c - Olgreb's Toxic Radia  Pois           56%        N/A       1%          4
d - Magic Dart            Conj           96%        1d7       3%          1
e - Mephitic Cloud        Conj/Pois/Air  36%        N/A       2%          3
f - Blink                 Tloc           34%        N/A       11%         2

Your spell library contained the following spells:

 Spells                   Type           Power      Damage    Failure   Level
 Momentum Strike          Conj/Tloc      40%        3d9       7%          2
 Lesser Beckoning         Tloc           34%        N/A       21%         3
 Summon Ice Beast         Ice/Summ       10%        N/A       80%         4
 Yara's Violent Unravell  Hex/Tmut       9%         3d6       86%         5
 Summon Mana Viper        Hex/Summ       10%        N/A       98%         5
 Enfeeble                 Hex            5%         N/A       100%        7
 Monstrous Menagerie      Summ           5%         N/A       100%        7


Dungeon Overview and Level Annotations

Branches:
Dungeon (12/15)            Temple (1/1) D:5            Lair (3/5) D:10
 Shoals (0/4) Lair:2          Orc (2/2) D:10            Elf (0/3) Orc:2
 Bailey (visited)         Gauntlet (visited)
  Snake: Lair:2-3    Spider: Lair:2-3

Altars:
Ashenzari
Cheibriados
Dithmenos
Elyvilon
Gozag
Kikubaaqudgha
Makhleb
Qazlal
Ru
Sif Muna
Trog
Uskayaw
Vehumet
Wu Jian
Yredelemnul
The Shining One

Shops:
Orc:1 (   Orc:2 ![(?

Annotations:
Orc:1 2 transporters, Tihama's ghost, journeyman HOFi


Innate Abilities, Weirdness & Mutations

((You are very nimble when in or above water. (Stealth+, EV+, Speed+++)))
Your lower body shifts to a powerful aquatic tail in water.
Armour fits poorly on your strangely shaped body.
You are dopey. (Int -2)
You are robust. (+10% HP)
Your muscles are strong. (Str +4, Int/Dex -1)


Message History

Okay, then.
Unknown command.
Casting: Sting (safe; 1% risk of failure)
Confirm with . or Enter, or press ? or * to list all spells.
You blink.
You feel very sick.
You feel much better.
You feel very sick.
The komodo dragon looks more healthy.
The cane toad closely misses you.
Casting: Blink (safe; 11% risk of failure)
Confirm with . or Enter, or press ? or * to list all spells.
You are still too unstable to blink.
Unknown command.
Casting: Blink (safe; 11% risk of failure)
Confirm with . or Enter, or press ? or * to list all spells.
Aiming: Poisonous Vapours (safe; 1% risk of failure)
Press: ? - help, Dir - move target, f/p - komodo dragon
Aim: a komodo dragon (moderately wounded, haloed) Poisonous vapours surround the komodo dragon!
The komodo dragon is poisoned.
You feel sick. You block the cane toad's attack.
The komodo dragon closely misses you.
You hit the komodo dragon but do no damage.
The komodo dragon is moderately wounded.
You feel sick. The cane toad misses you.
You hit the komodo dragon but do no damage.
The komodo dragon is moderately wounded.
You feel sick. The komodo dragon closely misses you.
You block the cane toad's attack.
As you read the scroll of teleportation, it crumbles to dust.
You feel strangely unstable.
You feel sick. The cane toad stings you!
* * * LOW HITPOINT WARNING * * *
The komodo dragon bites you!
* * * LOW HITPOINT WARNING * * *
The cane toad attacks as you move away! The cane toad misses you.
You feel stable enough to blink again.
You feel sick.
You slash the komodo dragon!
The komodo dragon is heavily wounded.
The cane toad stings you!
You die...

#.....P..####....
#..............
.............
...........
##.†.....#
#..<.....#
.###.....##
..P....l.#
.......F@#
#.P.+#...#
.........#
.#.........
#.#....P...#.
..........
......... .
.........


You could see a komodo dragon (very poisoned) and a cane toad.

Vanquished Creatures
  An orc warlord (Orc:2)
  A minotaur (Gauntlet)
  Snorg (Orc:1)
  A hydra (Lair:2)
  A catoblepas (Gauntlet)
  A hell beast (Gauntlet)
  A centaur warrior (D:11)
  6 two-headed ogres
  A boulder beetle (D:12)
  4 orc high priests (Orc:2)
  4 orc knights
  A deep elf zephyrmancer (Bailey)
  4 orc sorcerers
  2 manticores
  A merfolk siren (Lair:2)
  The ghost of Iich the Chopper, a novice TrBe of Trog (D:4)
  10 elephants
  2 cane toads
  2 unseen horrors
  A black mamba (Lair:1)
  An apocalypse crab (Gauntlet)
  A gargoyle (Gauntlet)
  3 rime drakes
  2 kobold demonologists (D:11)
  4 komodo dragons
  4 trolls
  A polar bear (Lair:1)
  2 hornets (D:8)
  8 blink frogs
  5 shadows
  2 wraiths
  2 wyverns
  9 yaks
  3 steam dragons
  4 wargs
  2 large abominations (Gauntlet)
  5 water moccasins
  2 hell hounds (Gauntlet)
  2 sky beasts
  5 small abominations (Gauntlet)
  A black bear (D:6)
  An ice beast (D:5)
  40 orc warriors
  10 ogres
  8 centaurs
  A phantom (D:7)
  A kobold brigand (D:10)
  2 gnoll sergeants
  9 bullfrogs
  2 necrophages
  6 scorpions
  4 killer bees (D:9)
  2 howler monkeys
  2 jellies
  5 hounds
  30 orc priests
  4 gnoll boudas
  3 iguanas
  25 orc wizards
  5 adders
  26 gnolls
  2 shadow imps
  2 white imps
  3 ufetubi
  2 worms (D:4)
  4 dart slugs
  120 orcs
  3 endoplasms
  A giant cockroach (D:4)
  6 goblins
  8 hobgoblins
  A jackal (D:5)
  17 kobolds
  6 quokkas
  A ball python (D:2)
  3 bats
  3 frilled lizards
  9 rats
491 creatures vanquished.

Vanquished Creatures (collateral kills)
  A hydra (Lair:2)
  A komodo dragon (Lair:2)
2 creatures vanquished.

Vanquished Creatures (others)
  A warg (Orc:2)
  4 demonic plants (Gauntlet)
  14 fungi
  9 plants
28 creatures vanquished.

Grand Total: 521 creatures vanquished

Notes
Turn   | Place    | Note
-------+----------+-------------------------------------------
     0 | D:1      | Lobster4 the Merfolk Venom Mage began the quest for the
                  | Orb.
     0 | D:1      | Reached XP level 1. HP: 13/13 MP: 3/3
   246 | D:1      | Reached XP level 2. HP: 20/20 MP: 1/5
   986 | D:1      | Reached XP level 3. HP: 25/25 MP: 3/6
  1112 | D:1      | Reached skill level 1 in Fighting
  1223 | D:1      | Found a faded altar of an unknown god.
  2600 | D:4      | Reached XP level 4. HP: 30/32 MP: 0/7
  2769 | D:4      | Reached XP level 5. HP: 29/38 MP: 4/8
  2775 | D:4      | Reached skill level 1 in Armour
  2775 | D:4      | Reached skill level 4 in Poison Magic
  3072 | D:4      | Learned a level 2 spell: Poisonous Vapours
  3230 | D:4      | Found an opulent altar of Gozag.
  3327 | D:4      | Noticed Iich's ghost (novice TrBe)
  3329 | D:4      | Found a transporter.
  3329 | D:4      | Noticed a wyvern
  3455 | D:4      | Found a transporter.
  3616 | D:3      | Reached XP level 6. HP: 43/44 MP: 3/10
  4203 | D:5      | Entered Level 5 of the Dungeon
  4522 | D:4      | Reached skill level 1 in Throwing
  4621 | D:5      | Reached skill level 1 in Air Magic
  4783 | D:5      | Reached XP level 7. HP: 44/51 MP: 9/11
  4998 | D:5      | Reached skill level 1 in Short Blades
  5491 | D:5      | Reached skill level 5 in Dodging
  5491 | D:5      | Reached skill level 5 in Poison Magic
  5518 | D:5      | Found a staircase to the Ecumenical Temple.
  5530 | Temple   | Entered the Ecumenical Temple
  5540 | Temple   | Became a worshipper of the Shining One
  5560 | D:5      | Reached XP level 8. HP: 56/58 MP: 6/13
  5647 | D:5      | Identified the +0 cloak "Wohaf" {Regen+}
  5746 | D:5      | Found a burning altar of Makhleb.
  5901 | D:5      | Identified a scroll of acquirement
  5901 | D:5      | Acquired the ring "Xuqe" {rC+ Int+3}
  5986 | D:6      | Reached skill level 1 in Evocations
  6197 | D:5      | Reached skill level 1 in Invocations
  6541 | D:6      | Paralysed by a gnoll for 5 turns
  6835 | D:6      | Reached skill level 1 in Polearms
  7671 | D:7      | Noticed an orc sorcerer
  7679 | D:7      | Noticed a hellwing
  7697 | D:7      | Killed an orc sorcerer
  7698 | D:7      | Reached XP level 9. HP: 47/65 MP: 5/15
  7974 | D:7      | Reached * piety under the Shining One
  8000 | D:7      | Found a shadowy altar of Dithmenos.
  8030 | D:7      | Reached skill level 6 in Poison Magic
  8537 | D:7      | Reached skill level 1 in Long Blades
  9480 | D:8      | Noticed a hornet
  9480 | D:8      | Noticed an unseen horror
  9507 | D:8      | Killed an unseen horror
  9582 | D:8      | Killed a hornet
  9622 | D:8      | Reached skill level 5 in Spellcasting
  9622 | D:8      | Reached XP level 10. HP: 73/73 MP: 6/17
  9735 | D:8      | Reached skill level 5 in Fighting
 10232 | D:8      | Found a basalt altar of Yredelemnul.
 10291 | D:8      | Identified the +10 falchion of the World {vorpal, *Noise
                  | rPois rF++ Str+3}
 10451 | D:8      | You are sucked into a shaft and drop 1 floor!
 10555 | D:8      | Reached ** piety under the Shining One
 10561 | D:8      | Reached skill level 5 in Polearms
 10863 | D:9      | Reached skill level 7 in Poison Magic
 11113 | D:9      | Found a sacrificial altar of Ru.
 11601 | D:10     | Entered Level 10 of the Dungeon
 11663 | D:10     | Found a staircase to the Lair.
 11941 | D:10     | Found a flagged portal.
 11950 | D:10     | Noticed a two-headed ogre
 11978 | D:10     | Killed a two-headed ogre
 12081 | Bailey   | Entered a bailey
 12185 | Bailey   | Noticed an orc knight
 12222 | Bailey   | Killed an orc knight
 12223 | Bailey   | Reached XP level 11. HP: 79/79 MP: 5/19
 12311 | Bailey   | Found a large runed translucent door.
 12311 | Bailey   | Found a large runed translucent door.
 12312 | Bailey   | Noticed a deep elf zephyrmancer
 12446 | Bailey   | Killed a deep elf zephyrmancer
 12447 | Bailey   | Reached skill level 1 in Ranged Weapons
 12627 | D:10     | Found a staircase to the Orcish Mines.
 13013 | D:10     | Found a radiant altar of Vehumet.
 13013 | D:10     | Found an ancient bone altar of Kikubaaqudgha.
 13014 | D:10     | Found a shimmering blue altar of Sif Muna.
 13020 | D:10     | Got Vehumet's Catalogue of Conjuring
 13026 | D:10     | Learned a level 4 spell: Olgreb's Toxic Radiance
 13030 | D:10     | Learned a level 3 spell: Mephitic Cloud
 13032 | D:10     | Learned a level 1 spell: Magic Dart
 13561 | D:11     | Noticed a sixfirhy
 13596 | D:11     | Reached skill level 1 in Conjurations
 13596 | D:11     | Reached skill level 8 in Poison Magic
 13772 | D:11     | Reached skill level 5 in Armour
 13777 | D:11     | Noticed a centaur warrior
 13807 | D:11     | Killed a centaur warrior
 13837 | D:11     | Acquired the +2 pair of gloves of Miracles {Str+8}
 13841 | D:11     | Noticed a manticore
 13849 | D:11     | Killed a manticore
 13950 | D:11     | Reached *** piety under the Shining One
 14211 | D:11     | Identified the +0 ring mail "Fastrahiwn" {rElec rN++ Will+
                  | Dex-4}
 14485 | D:12     | Noticed a two-headed ogre
 14529 | D:11     | Killed a two-headed ogre
 14530 | D:11     | Reached skill level 5 in Long Blades
 14530 | D:11     | Reached skill level 10 in Dodging
 14714 | D:12     | Noticed a manticore
 14714 | D:12     | Noticed a boulder beetle
 14732 | D:12     | Killed a boulder beetle
 14756 | D:12     | Killed a manticore
 14757 | D:12     | Reached XP level 12. HP: 63/86 MP: 22/22
 14840 | Orc:1    | Entered Level 1 of the Orcish Mines
 14854 | Orc:1    | Reached skill level 9 in Poison Magic
 14950 | Orc:2    | Entered Level 2 of the Orcish Mines
 15097 | Orc:2    | Noticed a two-headed ogre
 15120 | Orc:2    | Killed a two-headed ogre
 15147 | Orc:2    | Noticed a two-headed ogre
 15174 | Orc:2    | Killed a two-headed ogre
 15410 | Orc:1    | Found Jase's Weapon Shoppe.
 15564 | Orc:1    | Noticed Snorg
 15652 | Orc:1    | Noticed a two-headed ogre
 15653 | Orc:1    | Noticed Tihama's ghost (journeyman HOFi)
 15660 | Orc:1    | Found a transporter.
 15661 | Orc:1    | Found a bloodstained altar of Trog.
 15791 | Orc:1    | Found a transporter.
 15952 | Orc:1    | Killed Snorg
 16212 | Orc:2    | Found Qaqiuz's Distillery.
 16212 | Orc:2    | Noticed a two-headed ogre
 16260 | Orc:2    | Killed a two-headed ogre
 16319 | Orc:2    | Found Uffijat's Antique Armour Emporium.
 16405 | Orc:2    | Reached skill level 10 in Poison Magic
 16503 | Orc:2    | Noticed a two-headed ogre
 16514 | Orc:2    | Killed a two-headed ogre
 16767 | Orc:2    | Reached **** piety under the Shining One
 17184 | Orc:2    | Noticed an orc high priest
 17188 | Orc:2    | Reached XP level 13. HP: 78/91 MP: 25/25
 17278 | Orc:2    | Reached skill level 11 in Poison Magic
 17356 | Orc:2    | Noticed an orc warlord
 17433 | Orc:2    | Killed an orc warlord
 17632 | Orc:2    | Gained mutation: Your body sometimes deteriorates upon
                  | taking damage. [a neqoxec]
 17639 | Orc:2    | Reached ***** piety under the Shining One
 17746 | Orc:2    | Found Daniyjaokk's Magic Scroll Shoppe.
 17763 | Orc:2    | Bought a scroll of identify for 32 gold pieces
 17817 | Orc:2    | Found Ywuon's Antique Weapon Emporium.
 18212 | Orc:2    | Found a staircase to the Elven Halls.
 18350 | Orc:2    | Bought a runed buckler for 187 gold pieces
 18455 | Lair:1   | Entered Level 1 of the Lair of Beasts
 18507 | Lair:1   | Reached skill level 1 in Shields
 18704 | Lair:1   | Found a gate leading to a gauntlet.
 18717 | Gauntlet | Entered a Gauntlet
 18717 | Gauntlet | Found a transporter.
 18717 | Gauntlet | Found a runed translucent door.
 18723 | Gauntlet | Found a runed translucent door.
 18725 | Gauntlet | Found a transporter.
 18729 | Gauntlet | Found a transporter.
 18737 | Gauntlet | Found a transporter.
 18741 | Gauntlet | Found a transporter.
 18752 | Gauntlet | Found a transporter.
 18753 | Gauntlet | Found a transporter.
 18761 | Gauntlet | Found a transporter.
 18765 | Gauntlet | Found a transporter.
 18776 | Gauntlet | Found a transporter.
 18788 | Gauntlet | Found a runed translucent door.
 18804 | Gauntlet | Found a transporter.
 18816 | Gauntlet | Found a transporter.
 18829 | Gauntlet | Found a transporter.
 18842 | Gauntlet | Found a transporter.
 18985 | Gauntlet | The Shining One protects you from harm!
 18987 | Gauntlet | Reached skill level 12 in Poison Magic
 19028 | Gauntlet | Identified the +3 pair of gloves of Zin's Supremacy {Harm}
 19105 | Gauntlet | Learned a level 2 spell: Blink
 19106 | Gauntlet | Identified the ring of Recklessness {rElec rC- MP+9 Int+3
                  | Stlth+}
 19106 | Gauntlet | Noticed a minotaur
 19121 | Gauntlet | Killed a minotaur
 19177 | Lair:1   | Lost mutation: Your body sometimes deteriorates upon taking
                  | damage. [potion of mutation]
 19177 | Lair:1   | Gained mutation: You are weak. (Str -2) [potion of
                  | mutation]
 19177 | Lair:1   | Gained mutation: You occasionally lose the ability to read
                  | scrolls when taking damage. [potion of mutation]
 19177 | Lair:1   | Gained mutation: Your spells are a little harder to cast,
                  | but a little more powerful. [potion of mutation]
 19178 | Lair:1   | Lost mutation: You occasionally lose the ability to read
                  | scrolls when taking damage. [potion of mutation]
 19178 | Lair:1   | Lost mutation: Your spells are a little harder to cast, but
                  | a little more powerful. [potion of mutation]
 19178 | Lair:1   | Lost mutation: You are weak. (Str -2) [potion of mutation]
 19178 | Lair:1   | Gained mutation: You sometimes lose your temper in combat.
                  | [potion of mutation]
 19178 | Lair:1   | Gained mutation: You are occasionally teleported next to
                  | monsters. [potion of mutation]
 19178 | Lair:1   | Gained mutation: You are agile. (Dex +4, Str/Int -1)
                  | [potion of mutation]
 19371 | D:3      | Lost mutation: You are agile. (Dex +4, Str/Int -1) [potion
                  | of mutation]
 19371 | D:3      | Lost mutation: You sometimes lose your temper in combat.
                  | [potion of mutation]
 19371 | D:3      | Gained mutation: You are partially covered in iridescent
                  | scales. (AC +2) [potion of mutation]
 19371 | D:3      | Gained mutation: You have hidden genetic potential. [potion
                  | of mutation]
 19371 | D:3      | Gained mutation: Your spells are a little harder to cast,
                  | but a little more powerful. [potion of mutation]
 19382 | D:4      | Lost mutation: Your spells are a little harder to cast, but
                  | a little more powerful. [potion of mutation]
 19382 | D:4      | Lost mutation: You are partially covered in iridescent
                  | scales. (AC +2) [potion of mutation]
 19382 | D:4      | Gained mutation: Your mind is acute. (Int +4, Str/Dex -1)
                  | [potion of mutation]
 19382 | D:4      | Gained mutation: You are robust. (+10% HP) [potion of
                  | mutation]
 19408 | D:4      | Lost mutation: You are occasionally teleported next to
                  | monsters. [potion of mutation]
 19408 | D:4      | Lost mutation: Your mind is acute. (Int +4, Str/Dex -1)
                  | [potion of mutation]
 19408 | D:4      | Lost mutation: You have hidden genetic potential. [potion
                  | of mutation]
 19408 | D:4      | Gained mutation: You have hidden genetic defects. [potion
                  | of mutation]
 19408 | D:4      | Gained mutation: Your muscles are strong. (Str +4, Int/Dex
                  | -1) [potion of mutation]
 19431 | D:4      | Killed Iich's ghost
 19432 | D:4      | Reached skill level 10 in Spellcasting
 19680 | Lair:1   | Reached skill level 1 in Translocations
 20451 | Lair:2   | Found a staircase to the Shoals.
 20760 | Lair:2   | Gained mutation: You are dopey. (Int -2) [hidden defects]
 20786 | Lair:2   | Reached XP level 14. HP: 94/107 MP: 28/28
 21292 | Lair:2   | Gained mutation: Armour fits poorly on your strangely
                  | shaped body. [hidden defects]
 21292 | Lair:2   | Lost mutation: You have hidden genetic defects. [hidden
                  | defects expressed]
 21637 | Orc:2    | Bought a scroll of identify for 32 gold pieces
 21638 | Orc:2    | Bought a scroll of identify for 32 gold pieces
 21836 | Lair:3   | Mangled by a cane toad

Illustrated notes

Levels and vault maps discovered:
D:1:      dpeg_arrival_prison, layout_loops_cross,
          hellmonk_ecumenical_altar_inner_sanctum, kennysheep_pointless_box
D:2:      layout_basic
D:3:      layout_basic
D:4:      layout_basic, mainiacjoe_overflow_24_doors, gammafunk_ghost_arena
D:5:      layout_rooms, lightli_temple_of_fire, minmay_temple_entry_tees,
          minmay_fractal_squares_5
D:6:      layout_cave_pods
D:7:      cheibrodos_wizards_tower, layout_loops_corners, lemuel_doored_altar,
          minmay_misc_feat_roman
D:8:      layout_loops_ring, yredelemnul_altar_generic, roderic_roman_lattice,
          minmay_circle_x
D:9:      layout_roguey, hangedman_ru_absence, serial_curves, eino_curves_02,
          eino_curves_01
D:10:     layout_irregular_city, grunt_temple_overflow_magic_moments,
          lair_entry_dummy, david_orc_2, lightli_bailey_entry_fortress,
          dk_noncrumbling_3, ebering_dispersal_statue_hall,
          minmay_misc_feat_cross, hangedman_abyss_or_decor_passed
D:11:     layout_gridville
D:12:     layout_roguey, kennysheep_boxes
Temple:   nicolae_temple_great_sept
Lair:1:   layout_loops_ring, gauntlet_entry_generic
Lair:2:   layout_small_grid, minmay_shoals_entry_lonely_mermaid
Lair:3:   layout_chaotic_city, hellmonk_spider_entry_not_the_bees
Orc:1:    layout_caves, gammafunk_ghost_wrathful_warriors, serial_shops,
          nicolae_shop_bloodbath_and_beyond, lightli_orcish_oven, uniq_snorg
Orc:2:    pubby_orc_utopia, serial_shops

Skill      XL: |  1  2  3  4  5  6  7  8  9 10 11 12 13 14 |
---------------+-------------------------------------------+-----
Dodging        | 3 4 5 6 7 8 10 | 10.0
Transmutations | 2 3 4 |  4.0
Fighting       | 1 2 3 4 5 |  5.8
Stealth        | 3 4 |  4.6
Armour         | 1 2 3 4 5 7 |  7.4
Poison Magic   | 4 5 6 7 8 10 12 | 12.3
Spellcasting   | 3 4 5 7 8 10 | 10.2
Throwing       | 1 2 |  2.0
Air Magic      | 1 2 3 4 |  4.0
Short Blades   | 2 |  2.0
Evocations     | 2 3 |  3.0
Invocations    | 2 3 4 |  4.8
Polearms       | 2 4 5 |  5.5
Long Blades    | 1 3 5 6 7 8 |  8.1
Ranged Weapons | 2 |  2.0
Conjurations   | 2 3 |  3.6
Shields        | 2 3 |  3.0
Translocations | 1 |  1.7

Action                   |  1- 3 |  4- 6 |  7- 9 | 10-12 | 13-15 || total
-------------------------+-------+-------+-------+-------+-------++-------
Melee: Unarmed           |     1 |       |       |       |       ||     1
       Club              |     7 |       |       |       |       ||     7
       Short sword       |       |    42 |    13 |       |       ||    55
       Punch             |       |     2 |       |     5 |     2 ||     9
       Spear             |       |       |    47 |    18 |    23 ||    88
       Falchion          |       |       |       |   336 |   203 ||   539
       Katana            |       |       |       |       |   129 ||   129
 Fire: Sling             |    28 |    51 |    33 |       |     2 ||   114
       Shortbow          |       |       |     4 |    62 |       ||    66
       Longbow           |       |       |       |    14 |       ||    14
Throw: Stone             |       |       |       |     1 |       ||     1
       Dart              |       |       |       |    11 |    16 ||    27
       Boomerang         |       |       |       |     2 |     1 ||     3
       Throwing net      |       |       |       |     1 |       ||     1
       Javelin           |       |       |       |       |     1 ||     1
 Cast: Sting             |    65 |    94 |   125 |   104 |    48 ||   436
       Poisonous Vapours |       |       |    95 |   169 |    67 ||   331
       Olgreb's Toxic Ra |       |       |       |    21 |    14 ||    35
       Mephitic Cloud    |       |       |       |     2 |       ||     2
       Magic Dart        |       |       |       |       |     4 ||     4
       Blink             |       |       |       |       |     2 ||     2
Invok: Divine Shield     |       |       |       |     1 |       ||     1
       Cleansing Flame   |       |       |       |       |     2 ||     2
Evoke: Wand              |       |       |     3 |     6 |    10 ||    19
       Box of beasts     |       |       |       |       |     1 ||     1
  Use: Scroll            |     9 |       |     7 |    14 |     9 ||    39
       Potion            |       |     2 |     3 |     5 |     9 ||    19
Armor: Robe              |    12 |    51 |     9 |       |       ||    72
       Leather armour    |       |       |    57 |   142 |     3 ||   202
       Troll leather arm |       |       |       |       |    62 ||    62
       Ring mail         |       |       |       |       |    81 ||    81
Dodge: Dodged            |    21 |   119 |   129 |   349 |   234 ||   852
Block: Other             |       |       |       |     6 |       ||     6
       Buckler           |       |       |       |       |    36 ||    36

Table legend: (Time is in decaauts)
 A = Elapsed time spent in this place.
 B = Non-inter-level travel time spent in this place.
 C = Inter-level travel time spent in this place.
 D = Time resting spent in this place.
 E = Time spent auto-exploring this place.
 F = Levels seen in this place.
 G = Mean time per level.
                   A        B        C        D        E       F      G
               +--------+--------+--------+--------+--------+-----+--------+
         Total |  21779 |  20006 |   1773 |   4150 |  10197 |  20 | 1088.9 |
       Dungeon |  14845 |  13639 |   1206 |   3183 |   7337 |  12 | 1237.1 |
        Temple |     20 |     20 |      0 |      0 |      1 |   1 |   20.0 |
          Lair |   2367 |   2075 |    292 |    151 |   1282 |   3 |  789.0 |
  Orcish Mines |   3682 |   3407 |    275 |    689 |   1373 |   2 | 1841.0 |
        Bailey |    453 |    453 |      0 |     62 |     90 |   1 |  453.0 |
      Gauntlet |    408 |    408 |      0 |     65 |    111 |   1 |  408.0 |
               +--------+--------+--------+--------+--------+-----+--------+

Top non-repeatable levels by time:
   Orc:2: 2740 daAuts
     D:4: 1833 daAuts
     D:7: 1706 daAuts
     D:6: 1589 daAuts
    D:10: 1577 daAuts
     D:5: 1545 daAuts
     D:8: 1311 daAuts
     D:1: 1253 daAuts
  Lair:2: 1217 daAuts
  Lair:1: 1126 daAuts
    D:11: 1049 daAuts
     D:9: 1015 daAuts
     D:3: 944 daAuts
   Orc:1: 942 daAuts
     D:2: 719 daAuts
